 Seeded DCSS version 0.24.0-41-g2ae2f7f1be (console) character file.

Game seed: 93891015573, levelgen mode: deterministic

46 Kagalorn the Chucker (level 3, 0/27 HPs)
             Began as a Human Hunter on Dec 10, 2019.
             Succumbed to an adder's poison
             ... on level 2 of the Dungeon.
             The game lasted 00:03:52 (1260 turns).

Kagalorn the Chucker (Human Hunter)                 Turns: 1260, Time: 00:03:53

Health: 0/27       AC:  4    Str: 12    XL:     3   Next: 92%
Magic:  3/3        EV: 12    Int: 12    God:
Gold:   88         SH:  0    Dex: 13    Spells: 2/2 levels left

rFire    . . .     SeeInvis .   a - +0 hand axe
rCold    . . .     Gourm    .   (no shield)
rNeg     . . .     Faith    .   o - +0 leather armour
rPois    .         Spirit   .   g - +0 helmet
rElec    .         Reflect  .   (no cloak)
rCorr    .         Harm     .   (no gloves)
MR       .....                  (no boots)
Stlth    +.........             u - amulet of rage
HPRegen  0.09/turn              (no ring)
MPRegen  0.08/turn              (no ring)

@: lethally poisoned (0 -> -14), flying, hasted, very quick
A: no striking features
a: Evoke Berserk Rage


You were on level 2 of the Dungeon.
You were not hungry.

You visited 1 branch of the dungeon, and saw 2 of its levels.

You collected 88 gold pieces.

Inventory:

Hand Weapons
 a - a +0 hand axe (weapon)
 b - a +0 hunting sling
Missiles
 c - 6 javelins
 d - 2 throwing nets
 h - 46 stones
 l - 34 sling bullets
 q - 14 poisoned darts (quivered)
Armour
 g - a +0 helmet (worn)
 o - a +0 leather armour (worn)
Jewellery
 u - an amulet of rage (around neck)
Scrolls
 e - a scroll of fear {unknown}
 i - a scroll of enchant weapon {unknown}
 j - a scroll of magic mapping {unknown}
 k - a scroll of random uselessness {unknown}
 p - 2 scrolls of remove curse {unknown}
 r - a scroll of teleportation {unknown}
 t - a scroll of identify {unknown}
 v - a scroll of amnesia {unknown}
Potions
 n - a potion of flight
Comestibles
 f - a ration
 s - a chunk of flesh


   Skills:
 - Level 2.0 Fighting
 * Level 5.3 Throwing
 - Level 2.0 Dodging
 - Level 1.0 Stealth


You had 2 spell levels left.
You didn't know any spells.
Your spell library was empty.

Dungeon Overview and Level Annotations

Branches:
Dungeon (2/15)

Altars:

Annotations:
D:2 Robin


Message History

You are more poisoned.
The adder poisons you! The adder bites you.
You hit the adder.
The adder is almost dead.
* * * LOW HITPOINT WARNING * * *
You feel sick. The adder barely misses you.
You closely miss the adder.
The adder is almost dead.
* * * LOW HITPOINT WARNING * * *
You feel sick. The adder bites you.
* * * LOW HITPOINT WARNING * * *
You are more poisoned.
The adder poisons you! The adder bites you but does no damage.
It was a potion of flight.
You feel very buoyant.
You fly up into the air.
* * * LOW HITPOINT WARNING * * *
You feel sick. The adder closely misses you.
It was a potion of haste.
You feel yourself speed up.
You die...

.# ... #.).# .#
###.# ##.#.# .#
##.###.##.# ..
#...###.# .#
######.####.##
..............#
#######.####..#
#.# #..# #.#
#.@# #.# #.S#
#.# #..# ..#
.... ## .#..#
.....# #. #.##
#. ..


You could see an adder.

Vanquished Creatures
  An ooze (D:2)
  2 worms (D:2)
  2 dart slugs (D:1)
  4 giant cockroaches
  5 goblins
  6 hobgoblins
  4 bats
  4 frilled lizards
  2 kobolds (D:1)
  A rat (D:1)
31 creatures vanquished.

Notes
Turn   | Place    | Note
-------+----------+-------------------------------------------
     0 | D:1      | Kagalorn the Human Hunter began the quest for the Orb.
     0 | D:1      | Reached XP level 1. HP: 16/16 MP: 1/1
   282 | D:1      | Reached XP level 2. HP: 19/22 MP: 2/2
   523 | D:1      | Reached XP level 3. HP: 24/27 MP: 3/3
   578 | D:2      | Found a faded altar of an unknown god.
   756 | D:2      | Noticed Robin
  1002 | D:2      | Reached skill level 5 in Throwing
  1259 | D:2      | HP: 1/27 [poisoned by an adder]
  1260 | D:2      | Succumbed to an adder's poison

Levels and vault maps discovered:
D:1:      minmay_arrival_four_houses, layout_loops_ring,
          hangedman_feature_mirror
D:2:      layout_loops_ring, chequers_ecumenical_altar_simple, uniq_robin

Skill      XL: |  1  2  3 |
---------------+----------+-----
Throwing       | 5 |  5.3
Fighting       | |  2.0
Dodging        | |  2.0
Stealth        | |  1.0

Action                   || total
-------------------------++-------
Melee: Hand axe          ||   112
       Short sword       ||     8
Throw: Dart              ||     5
       Javelin           ||     4
  Use: Potion            ||     2
 Stab: Sleeping          ||     1
  Eat: Chunk             ||     1
Armor: Leather armour    ||    45
Dodge: Dodged            ||   104
